 Dungeon Crawl Stone Soup version 0.31-a0-845-g9abc20d24f (webtiles) character file.

Game seed: 17439517165383088055

44 arglypuff the Ducker (level 3, -3/25 HPs)
             Began as a Djinni Hedge Wizard on Oct 1, 2023.
             Slain by an orc
             ... wielding a +1 heavy falchion
              (10 damage)
             ... on level 1 of the Dungeon.
             The game lasted 00:01:38 (1300 turns).

arglypuff the Ducker (Djinni Hedge Wizard)          Turns: 1300, Time: 00:01:38

Health: -3/25      AC:  3    Str:  9    XL:     3   Next: 85%
Gold:   20         EV: 12    Int: 17    God:
                   SH:  0    Dex: 12

rFire   + + .        a - +0 dagger
rCold   x . .        (no shield)
rNeg    . . .        b - +0 robe
rPois   ∞            c - +1 hat
rElec   .            (no cloak)
rCorr   .            (no gloves)
SInv    .            (boots unavailable)
Will    .....        (no amulet)
Stlth   ++           (no ring)
HPRegen 0.24/turn    (no ring)
MPRegen 0.00/turn

%: infuse magic (-4 HP)
@: flying
A: sickness immunity, fire resistance 2, cold vulnerability 1, float, innate
caster, HP casting, extra vitality 1
a: no special abilities


You were on level 1 of the Dungeon.
You visited 1 branch of the dungeon, and saw 2 of its levels.

You collected 20 gold pieces.

Inventory:

Hand Weapons
 a - a +0 dagger (weapon)
Armour
 b - a +0 robe (worn)
 c - a +1 hat (worn)
Scrolls
 j - a scroll of amnesia
Potions
 d - a potion of degeneration {unknown}
 e - a potion of brilliance {unknown}
 f - a potion of attraction {unknown}
 i - a potion of heal wounds {unknown}


   Skills:
 + Level 3.2 Dodging
 + Level 2.4 Stealth
 + Level 2.9 Spellcasting
 + Level 2.9 Conjurations
 + Level 2.9 Hexes
 + Level 2.9 Summonings
 + Level 2.9 Necromancy
 + Level 2.9 Translocations
 + Level 2.9 Transmutations
 + Level 2.9 Fire Magic
 + Level 2.9 Ice Magic
 + Level 2.9 Air Magic
 + Level 2.9 Earth Magic
 + Level 2.9 Poison Magic


You knew the following spells:

 Your Spells              Type           Power      Damage    Failure   Level
a - Magic Dart            Conj           48%        1d5       5%          1
b - Slow                  Hex            48%        N/A       5%          1
c - Blink                 Tloc           24%        N/A       8%          2
d - Call Imp              Summ           24%        N/A       8%          2
e - Mephitic Cloud        Conj/Pois/Air  12%        N/A       16%         3
f - Apportation           Tloc           24%        N/A       5%          1
Your spell library was empty.

Dungeon Overview and Level Annotations

Branches:
Dungeon (2/15)

Altars:


Innate Abilities, Weirdness & Mutations

You are immune to sickness and miasma.
You are immune to poison.
Your flesh is very heat resistant. (rF++)
You are vulnerable to cold. (rC-)
You float through the air rather than walking.
You learn spells naturally, not from books.
Your magical power is your life essence.
You have superior vitality. (+4 MHP)


Message History

The magic dart hits the adder but does no damage.
The adder is severely wounded.
The adder bites you but does no damage. The adder misses you.
The magic dart hits the adder.
The adder is almost dead.
The adder misses you.
The magic dart hits the adder.
You kill the adder!
You can't see any susceptible monsters within range! (Use Z to cast anyway.)
You start resting.
HP restored.
You fly downwards.
The orc closely misses you.
The orc priest invokes the aid of Beogh against you.
Beogh smites you!
There is a stone staircase leading up here.
The orc misses you.
The orc priest invokes the aid of Beogh against you.
Beogh smites you!
* * * LOW HITPOINT WARNING * * *
You fly upwards.
There is a stone staircase leading down here.
You are too injured to fight recklessly!
As you read the scroll labelled RONOCZ GYQES, it crumbles to dust.
It is a scroll of identify.
j - a scroll of amnesia The orc closely misses you.
As you read the scroll labelled VAPORROSAY, it crumbles to dust.
It is a scroll of enchant armour.
Your +0 hat glows green for a moment.
Unknown command.
The orc closely misses you. The orc attacks as it pursues you!
The orc closely misses you.
Casting: Magic Dart (safe; 5% risk of failure)
Confirm with . or Enter, or press ? or * to list all spells.
A tiny devil pulls itself out of the air.
* * * LOW HITPOINT WARNING * * *
Your cerulean imp barely misses the orc.
The orc attacks as it pursues you!
The orc hits you with a +1 heavy falchion!
You die...

....#.##..###### #.#####
...............#### ##.###
......#..)####....# #....#
#######.#.####....# #....#
......)......#....# #....#
#######.#....#....# #....#
#######.######.#### ##'#####
...............############.....#
................@o..5............
..................###.........#.#
#######.#########.###......##.#.#
.........................#.##.#.#
..######.########.######.#.##.#.#
..............# #.......)..##.#.#
##...###.####.###..#####.###..#.#
...................##...........#
.#...###.#.##.###........###.....


You could see an orc (ally target) and a friendly cerulean imp (summoned).

Vanquished Creatures
  An adder (D:1)
  A dart slug (D:1)
  2 ball pythons (D:1)
  3 endoplasms (D:1)
  A giant cockroach (D:1)
  4 goblins (D:1)
  2 hobgoblins
  A jackal (D:1)
  A quokka (D:1)
  5 bats (D:1)
  2 frilled lizards (D:1)
  5 kobolds (D:1)
  2 rats (D:1)
30 creatures vanquished.

Notes
Turn   | Place    | Note
-------+----------+-------------------------------------------
     0 | D:1      | arglypuff the Djinni Hedge Wizard began the quest for the
                  | Orb.
     0 | D:1      | arglypuff set off with the following spells memorised:
                  | Magic Dart, Slow, Blink, Call Imp, Mephitic Cloud.
     0 | D:1      | Reached XP level 1. HP: 15/15 MP: 0/0
   187 | D:1      | Reached XP level 2. HP: 8/21 MP: 0/0
   574 | D:1      | Reached XP level 3. HP: 23/25 MP: 0/0
   574 | D:1      | Learned a level 1 spell: Apportation
   951 | D:1      | Reached skill level 3 in Dodging
  1300 | D:1      | Slain by an orc

Illustrated notes

Levels and vault maps discovered:
D:1:      amcnicky_arrival_abandoned_market, layout_basic,
          kennysheep_another_room, minmay_heptomino_l4
D:2:      layout_loops_corners

Skill      XL: |  1  2  3 |
---------------+----------+-----
Stealth        | 2 |  2.4
Dodging        | 3 |  3.2
Spellcasting   | |  2.9
Conjurations   | |  2.9
Hexes          | |  2.9
Summonings     | |  2.9
Necromancy     | |  2.9
Translocations | |  2.9
Transmutations | |  2.9
Fire Magic     | |  2.9
Ice Magic      | |  2.9
Air Magic      | |  2.9
Earth Magic    | |  2.9
Poison Magic   | |  2.9

Action                     || total
---------------------------++-------
   Cast: Magic Dart        ||    77
         Call Imp          ||     1
    Use: Scroll            ||     2
 Armour: Robe              ||     8
  Dodge: Dodged            ||    21

Table legend: (Time is in decaauts)
 A = Elapsed time spent in this place.
 B = Non-inter-level travel time spent in this place.
 C = Inter-level travel time spent in this place.
 D = Time resting spent in this place.
 E = Time spent auto-exploring this place.
 F = Levels seen in this place.
 G = Mean time per level.
                   A        B        C        D        E       F      G
               +--------+--------+--------+--------+--------+-----+--------+
         Total |   1301 |   1242 |     59 |     27 |   1047 |   2 |  650.5 |
       Dungeon |   1301 |   1242 |     59 |     27 |   1047 |   2 |  650.5 |
               +--------+--------+--------+--------+--------+-----+--------+

Top non-repeatable levels by time:
     D:1: 1214 daAuts
     D:2: 87 daAuts
